 Dungeon Crawl Stone Soup version 0.30-a0-358-g0d69a1922f (webtiles) character file.

Game seed: 5985909794107415951

2246 Fcdlsnvl the Covert (level 9, -3/39 HPs)
             Began as a Spriggan Enchanter on Nov 9, 2022.
             Slain by Prince Ribbit (11 damage)
             ... on level 6 of the Dungeon.
             The game lasted 00:10:50 (4143 turns).

Fcdlsnvl the Covert (Spriggan Enchanter)            Turns: 4143, Time: 00:10:51

Health: -3/39      AC:  6    Str:  4    XL:     9   Next: 15%
Magic:  12/23      EV: 17    Int: 23    God:
Gold:   237        SH:  4    Dex: 19    Spells: 14/26 levels left

rFire   . . .      SeeInvis +    a - +1 dagger
rCold   . . .      Faith    .    (no shield)
rNeg    . . .      Spirit   .    r - +4 robe of Misanthropy {rPois}
rPois   +          Reflect  .    (helmet restricted)
rElec   .          Harm     .    (no cloak)
rCorr   .          Rampage  .    (gloves unavailable)
Will    +....                    (boots unavailable)
Stlth   ++++++....               (no amulet)
HPRegen 0.26/turn                d - +6 ring of intelligence
MPRegen 0.18/turn                g - +4 ring of slaying

@: confusing by touch, very quick
A: very small, no large weapons, unfitting armour, see invisible, speed 3,
hooves 1, large bone plates 1, camouflage 1, evolution 1, MP-powered wands
a: no special abilities


You were on level 6 of the Dungeon.
You visited 1 branch of the dungeon, and saw 6 of its levels.

You collected 237 gold pieces.

Inventory:

Hand Weapons
 a - a +1 dagger (weapon)
 j - a +2 short sword of draining
 l - a +0 dagger of draining
Armour
 r - the +4 robe of Misanthropy (worn) {rPois}
   (You found it on level 5 of the Dungeon)

   rPois:     It protects you from poison.
Jewellery
 d - a +6 ring of intelligence (left hand)
 g - a +4 ring of slaying (right hand)
 s - a ring of poison resistance
Wands
 n - a wand of flame (17)
Scrolls
 p - 2 scrolls of teleportation
 q - a scroll of amnesia
Potions
 b - a potion of berserk rage {unknown}
 c - a potion of invisibility
 e - 7 potions of curing
 f - a potion of attraction {unknown}
 h - 5 potions of might
 i - 2 potions of haste
 k - 2 potions of flight {unknown}
 m - a potion of resistance {unknown}


   Skills:
 - Level 1.1 Short Blades
 - Level 2.6 Dodging
 + Level 10.4 Stealth
 + Level 9.4 Spellcasting
 + Level 9.7 Hexes


You had 14 spell levels left.
You knew the following spells:

 Your Spells              Type           Power      Damage    Failure   Level
a - Ensorcelled Hibernat  Hex/Ice        66%        N/A       1%          2
b - Tukima's Dance        Hex            53%        N/A       1%          3
c - Dazzling Flash        Conj/Hex       66%        N/A       2%          3
d - Confusing Touch       Hex            53%        N/A       1%          3
e - Apportation           Tloc           20%        N/A       6%          1

Your spell library contained the following spells:

 Spells                   Type           Power      Damage    Failure   Level
 Necrotise                Necr           40%        1d6       6%          1
 Summon Small Mammal      Summ           40%        N/A       6%          1
 Blink                    Tloc           20%        N/A       9%          2
 Cigotuvi's Dreadful Rot  Necr/Pois/Air  20%        N/A       9%          2
 Momentum Strike          Conj/Tloc      20%        3d8       9%          2
 Gell's Gravitas          Tloc           10%        N/A       19%         3
 Lesser Beckoning         Tloc           20%        N/A       19%         3
 Teleport Other           Tloc           10%        N/A       19%         3
 Animate Dead             Necr           10%        N/A       52%         4
 Dispel Undead            Necr           10%        3d9       52%         4
 Death Channel            Necr           5%         N/A       100%        6
 Haunt                    Necr/Summ      5%         N/A       100%        7
 Infestation              Necr           5%         N/A       100%        8


Dungeon Overview and Level Annotations

Branches:
Dungeon (6/15)
 Temple: D:4-7

Altars:
Makhleb

Annotations:
D:6 Prince Ribbit


Innate Abilities, Weirdness & Mutations

You are very small and have problems with some larger weapons.
You are too small for most types of armour.
You have supernaturally acute eyesight. (SInv)
You cover ground extremely quickly. (Speed+++)
You have large cloven feet.
You are partially covered in large bone plates. (SH +4)
Your skin changes colour to match your surroundings (Stealth+).
You have hidden genetic potential.
You expend magic power (3 MP) to strengthen your wands.


Message History

Your magical contamination has completely faded away.
You hit the black bear.
The black bear is moderately wounded.
You block the black bear's attack.
The black bear claws you but does no damage. x2
You catch the helpless black bear completely off-guard!
You impale the black bear!!
You kill the black bear!
Prince Ribbit blinks!
Prince Ribbit misses you.
Casting: Confusing Touch (safe; 1% risk of failure)
Confirm with . or Enter, or press ? or * to list all spells.
Aiming: Ensorcelled Hibernation (safe; 1% risk of failure)
Press: ? - help, Shift-Dir - straight line, f/p - Prince Ribbit
Aim: Prince Ribbit (lightly wounded, chance to affect: 45%) Prince Ribbit resists with some effort.
Prince Ribbit barely misses you.
You hit Prince Ribbit. You kick Prince Ribbit.
Prince Ribbit is moderately wounded.
Prince Ribbit hits you but does no damage.
Casting: Ensorcelled Hibernation (safe; 1% risk of failure)
Confirm with . or Enter, or press ? or * to list all spells.
Your hands begin to glow red.
Prince Ribbit blinks! x2
You barely miss Prince Ribbit. You kick Prince Ribbit!
Prince Ribbit is heavily wounded.
Prince Ribbit hits you!
You closely miss Prince Ribbit. Your kick misses Prince Ribbit.
Prince Ribbit is heavily wounded.
Prince Ribbit blinks!
You feel a genetic drift.
You feel your magical essence link to the dungeon's wands.
You see here a black bear corpse.
Unknown command.
You completely miss Prince Ribbit.
Prince Ribbit is heavily wounded.
Prince Ribbit closely misses you.
You hit Prince Ribbit but do no damage.
Prince Ribbit is heavily wounded.
Prince Ribbit hits you!
* * * LOW HITPOINT WARNING * * *
Prince Ribbit hits you!
You die...

. ############ .# #..........#
####.### #.......:..#
##......###### #..........#
##........#.....
#..........####...............
#...........F@...............
#..).......####.............).
#..........# #!..........# .#
#########.## #..........###..
#.# #...........#...# #.#
#..#............# ..#
#.#............##
...##.#.............#
..#.#..............#.##


You could see Prince Ribbit.

Vanquished Creatures
  A two-headed ogre (D:6)
  Grinder (D:3)
  A water moccasin (D:5)
  An ice beast (D:5)
  2 black bears (D:6)
  A centaur (D:5)
  3 phantoms
  A kobold brigand (D:6)
  2 scorpions
  2 orc priests (D:4)
  4 hounds
  A jelly (D:5)
  2 iguanas
  Terence (D:2)
  3 orc wizards
  3 adders
  A dart slug (D:1)
  A worm (D:2)
  12 orcs
  6 ball pythons
  4 endoplasms
  3 giant cockroaches
  3 goblins
  11 hobgoblins
  6 jackals (D:4)
  2 quokkas
  3 bats
  7 frilled lizards
  6 kobolds
  2 rats
96 creatures vanquished.

Vanquished Creatures (collateral kills)
  Sigmund (D:4)
1 creature vanquished.

Vanquished Creatures (others)
  A dancing weapon (D:6)
1 creature vanquished.

Grand Total: 98 creatures vanquished

Notes
Turn   | Place    | Note
-------+----------+-------------------------------------------
     0 | D:1      | Fcdlsnvl the Spriggan Enchanter began the quest for the
                  | Orb.
     0 | D:1      | Reached XP level 1. HP: 9/9 MP: 5/5
   196 | D:1      | Reached XP level 2. HP: 13/13 MP: 7/7
   199 | D:1      | Learned a level 2 spell: Ensorcelled Hibernation
   491 | D:2      | Noticed Terence
   703 | D:2      | Identified the +2 ring mail of Compassion {Harm rPois rC-
                  | Will++}
   748 | D:2      | Found a burning altar of Makhleb.
   756 | D:2      | Found a faded altar of an unknown god.
   821 | D:2      | Reached XP level 3. HP: 16/16 MP: 9/9
   868 | D:2      | Learned a level 3 spell: Tukima's Dance
   872 | D:2      | Learned a level 3 spell: Confusing Touch
  1102 | D:2      | Killed Terence
  1256 | D:3      | Reached XP level 4. HP: 21/21 MP: 11/11
  1260 | D:3      | Learned a level 3 spell: Dazzling Flash
  1279 | D:3      | Reached skill level 5 in Hexes
  1425 | D:3      | Noticed Grinder
  1442 | D:3      | Killed Grinder
  1443 | D:3      | Reached skill level 5 in Spellcasting
  1443 | D:3      | Reached XP level 5. HP: 24/24 MP: 10/14
  1443 | D:3      | Reached XP level 6. HP: 28/28 MP: 10/15
  2125 | D:4      | Noticed Sigmund
  2138 | D:4      | Killed Sigmund
  2139 | D:4      | Reached skill level 5 in Stealth
  2238 | D:4      | Reached XP level 7. HP: 29/32 MP: 14/17
  2358 | D:4      | Reached skill level 6 in Stealth
  2736 | D:4      | Reached skill level 7 in Stealth
  2910 | D:5      | Entered Level 5 of the Dungeon
  2947 | D:5      | Identified the +4 robe of Misanthropy {rPois}
  3014 | D:5      | Learned a level 1 spell: Apportation
  3138 | D:5      | Reached XP level 8. HP: 16/36 MP: 17/20
  3364 | D:5      | Reached skill level 8 in Stealth
  3480 | D:5      | Gained mutation: Armour fits poorly on your strangely
                  | shaped body. [potion of mutation]
  3480 | D:5      | Gained mutation: You are robust. (+10% HP) [potion of
                  | mutation]
  3481 | D:5      | Lost mutation: Armour fits poorly on your strangely shaped
                  | body. [potion of mutation]
  3481 | D:5      | Lost mutation: You are robust. (+10% HP) [potion of
                  | mutation]
  3481 | D:5      | Gained mutation: Your flesh is cold resistant. (rC+)
                  | [potion of mutation]
  3481 | D:5      | Gained mutation: You are frail. (-10% HP) [potion of
                  | mutation]
  3481 | D:5      | Gained mutation: You passively map a small area around you.
                  | [potion of mutation]
  3482 | D:5      | Lost mutation: Your flesh is cold resistant. (rC+) [potion
                  | of mutation]
  3482 | D:5      | Lost mutation: You passively map a small area around you.
                  | [potion of mutation]
  3482 | D:5      | Lost mutation: You are frail. (-10% HP) [potion of
                  | mutation]
  3482 | D:5      | Gained mutation: You are partially covered in large bone
                  | plates. (SH +4) [potion of mutation]
  3482 | D:5      | Gained mutation: You have large cloven feet. [potion of
                  | mutation]
  3482 | D:5      | Gained mutation: You have hidden genetic potential. [potion
                  | of mutation]
  3482 | D:5      | Gained mutation: Your skin changes colour to match your
                  | surroundings (Stealth+). [potion of mutation]
  3770 | D:6      | Noticed a two-headed ogre
  3818 | D:6      | Killed a two-headed ogre
  3819 | D:6      | Reached skill level 9 in Stealth
  3936 | D:6      | Reached skill level 10 in Stealth
  3936 | D:6      | Reached XP level 9. HP: 39/39 MP: 13/23
  4105 | D:6      | Noticed Prince Ribbit
  4139 | D:6      | Gained mutation: You expend magic power (3 MP) to
                  | strengthen your wands. [hidden potential]
  4143 | D:6      | Slain by Prince Ribbit

Illustrated notes

Levels and vault maps discovered:
D:1:      dpeg_arrival_boxes_within_box, layout_rooms
D:2:      layout_rooms, basic_ecumenical_altar, basic_altar, grunt_ministairs_8,
          uniq_terence
D:3:      layout_loops_cross, uniq_grinder
D:4:      layout_rooms, hangedman_decor_lopped, uniq_sigmund
D:5:      layout_gridville
D:6:      layout_rooms, minmay_temple_entry_proselytizer, uniq_prince_ribbit1

Skill      XL: |  1  2  3  4  5  6  7  8 |
---------------+-------------------------+-----
Spellcasting   | 3 4 5 6 7 9 |  9.4
Hexes          | 4 6 7 8 9 |  9.7
Stealth        | 5 7 10 | 10.4
Short Blades   | |  1.1
Dodging        | |  2.6

Action                   |  1- 3 |  4- 6 |  7- 9 || total
-------------------------+-------+-------+-------++-------
Melee: Dagger            |    70 |    59 |   156 ||   285
       Punch             |     1 |       |     3 ||     4
       Kick              |       |       |    14 ||    14
 Cast: Ensorcelled Hiber |     6 |     5 |    20 ||    31
       Confusing Touch   |     1 |     4 |     5 ||    10
       Tukima's Dance    |     1 |     1 |     7 ||     9
       Dazzling Flash    |       |       |     4 ||     4
  Use: Scroll            |     4 |     4 |     4 ||    12
       Potion            |       |     1 |     4 ||     5
 Stab: Sleeping          |    13 |     6 |    19 ||    38
       Confused          |     2 |     3 |     5 ||    10
       Distracted        |     1 |       |     1 ||     2
       Invisible         |       |     2 |     2 ||     4
Armor: Robe              |     7 |     7 |    38 ||    52
Dodge: Dodged            |    41 |    29 |   150 ||   220
Block: Other             |       |       |    10 ||    10

Table legend: (Time is in decaauts)
 A = Elapsed time spent in this place.
 B = Non-inter-level travel time spent in this place.
 C = Inter-level travel time spent in this place.
 D = Time resting spent in this place.
 E = Time spent auto-exploring this place.
 F = Levels seen in this place.
 G = Mean time per level.
                   A        B        C        D        E       F      G
               +--------+--------+--------+--------+--------+-----+--------+
         Total |   3046 |   2970 |     76 |     52 |   2176 |   6 |  507.7 |
       Dungeon |   3046 |   2970 |     76 |     52 |   2176 |   6 |  507.7 |
               +--------+--------+--------+--------+--------+-----+--------+

Top non-repeatable levels by time:
     D:3: 626 daAuts
     D:4: 608 daAuts
     D:5: 596 daAuts
     D:2: 550 daAuts
     D:6: 339 daAuts
     D:1: 325 daAuts
